 Dungeon Crawl Stone Soup version 0.23-a0-483-g32a748b514 (webtiles) character file.

2021 Octopork the Spear-Bearer (level 9, -4/54 HPs)
             Began as an Octopode Fighter on Nov 30, 2018.
             Was a Believer of Hepliaklqana.
             Slain by a wyvern (13 damage)
             ... on level 8 of the Dungeon.
             The game lasted 00:34:30 (8622 turns).

Octopork the Spear-Bearer (Octopode Fighter)        Turns: 8622, Time: 00:34:31

Health: -4/54      AC:  1    Str: 17    XL:     9   Next: 23%
Magic:  9/9        EV: 13    Int: 11    God:    Hepliaklqana [**....]
Gold:   87         SH: 10    Dex: 12    Spells: 8/8 levels left

rFire    . . .     SeeInvis .   b - +3 trident (venom)
rCold    . . .     Gourm    .   q - +0 shield
rNeg     . . .     Faith    .   (helmet restricted)
rPois    .         Spirit   .   u - amulet of the acrobat
rElec    .         Reflect  .   y - ring of flight {+Fly}
rCorr    .         Harm     .   A - ring of protection from magic {MR+}
MR       +....                  (no ring)
Stlth    ++........             (no ring)
HPRegen  0.18/turn              (no ring)
MPRegen  0.11/turn              (no ring)
                                (no ring)
                                (no ring)

@: no status effects
A: almost no armour, stealthy swim, amphibious, 8 rings, constrict 8, reduced
essence, camouflage 1, gelatinous body 1
a: Recall Ancestor, Ancestor Identity, Renounce Religion, Evoke Flight


You were on level 8 of the Dungeon.
You worshipped Hepliaklqana.
Hepliaklqana was pleased with you.
You were not hungry.

You visited 2 branches of the dungeon, and saw 9 of its levels.

You collected 427 gold pieces.
You spent 340 gold pieces at shops.

Inventory:

Hand Weapons
 a - a +3 trident of flaming
   (You bought it in a shop on level 4 of the Dungeon)
 b - a +3 trident of venom (weapon)
   (You found it on level 7 of the Dungeon)
 w - a +2 hunting sling of freezing
   (You found it on level 2 of the Dungeon)
Missiles
 d - 273 stones {@Q2}
 g - 34 sling bullets {@Q1}
 j - 6 exploding tomahawks
 l - 11 poisoned needles
 G - a throwing net (quivered) {=f}
Armour
 k - the -7 buckler of Fortification {*Corrode rElec Int+2 Dex+3}
   (You acquired it on level 7 of the Dungeon)

   It affects your intelligence (+2).
   It affects your dexterity (+3).
   It insulates you from electricity.
   It may corrode you when you take damage.
 q - a +0 shield (worn)
Jewellery
 e - an uncursed ring of ice {rC+, rF-}
   (You found it on level 1 of the Dungeon)
 u - an amulet of the acrobat (around mantle)
   (You found it on level 3 of the Dungeon)
 y - a ring of flight (left tentacle) {+Fly}
   (You found it on level 5 of the Dungeon)
 A - a ring of protection from magic (right tentacle) {MR+}
   (You found it on level 5 of the Dungeon)
Wands
 B - a wand of random effects (27)
   (You found it on level 8 of the Dungeon)
 D - a wand of digging (4)
   (You bought it in a shop on level 4 of the Dungeon)
 F - a wand of flame (14)
   (You found it on level 4 of the Dungeon)
Scrolls
 i - a scroll of identify
 o - 2 scrolls of remove curse
 r - a scroll of brand weapon {unknown}
 t - 2 scrolls of teleportation
 z - 2 scrolls of amnesia
 E - a scroll of enchant weapon {unknown}
Potions
 c - a potion of curing
 h - 4 potions of brilliance
 m - 2 potions of might
 n - 2 potions of ambrosia
 p - a potion of cancellation {unknown}
 s - 2 potions of lignification {!q}
 v - 2 potions of flight {unknown}
 x - 2 potions of invisibility
 C - a potion of resistance {unknown}
Comestibles
 f - 13 rations
 H - 17 chunks of flesh


   Skills:
 + Level 5.1 Fighting
 * Level 8.6 Polearms
 + Level 5.1 Dodging
 + Level 6.6 Shields


You had 8 spell levels left.
You didn't know any spells.
Your spell library contained the following spells:

 Spells                   Type           Power        Failure   Level  Hunger
 Infusion                 Chrm           #...         71%         1    ##.....
 Shock                    Conj/Air       #...         71%         1    ##.....
 Shroud of Golubria       Chrm/Tloc      #.........   83%         2    ###....
 Song of Slaying          Chrm           #.......     83%         2    ###....
 Swiftness                Chrm/Air       #.......     83%         2    ###....
 Regeneration             Chrm/Necr      #.........   97%         3    ####...
 Spectral Weapon          Hex/Chrm       #.......     97%         3    ####...
 Static Discharge         Conj/Air       #.......     97%         3    ####...
 Airstrike                Air            #.........   100%        4    #####..
 Bolt of Magma            Conj/Fire/Erth #.........   100%        5    ######.
 Iskenderun's Battlesphe  Conj/Chrm      #.......     100%        5    ######.
 Lightning Bolt           Conj/Air       #.........   100%        5    ######.
 Venom Bolt               Conj/Pois      #.........   100%        5    ######.
 Iron Shot                Conj/Erth      #.........   100%        6    #######
 Orb of Destruction       Conj           #.........   100%        7    #######
 Spellforged Servitor     Conj/Summ      #.........   100%        7    #######


Dungeon Overview and Level Annotations

Branches:
Dungeon (8/15)             Temple (1/1) D:5
   Lair: D:8-11

Altars:
Ashenzari
Cheibriados
Elyvilon
Fedhas
Gozag
Hepliaklqana
Kikubaaqudgha
Nemelex Xobeh
Ru
Sif Muna
Trog
Uskayaw
Vehumet
Wu Jian
Yredelemnul
Zin
The Shining One

Shops:
D:4 *   D:6 (   D:7 *

Annotations:
D:4 Grinder
D:6 1 runed door, Shaidar's ghost, novice MiBe
D:8 exclusion: 3 slaves, Erica; Harold


Innate Abilities, Weirdness & Mutations

You cannot wear most types of armour.
You are very stealthy in the water. (Stealth+)
You are amphibious.
You can wear up to eight rings at the same time.
You can use your tentacles to constrict eight enemies at once.
Your skin changes colour to match your surroundings (Stealth+).
Your rubbery body absorbs attacks. (AC +1, EV +1)
Your life essence is reduced to manifest your ancestor. (-10% HP)


Message History

You reach to attack!
You puncture the crocodile!
The crocodile looks as sick as possible!
The crocodile barely misses Otto.
Otto hits the crocodile!
The crocodile dies!
No target in view!
You swap places.
You butcher the crocodile corpse.
H - 13 chunks of flesh (gained 5)
You see here a crocodile skeleton. x2
You butcher the bullfrog corpse.
H - 17 chunks of flesh (gained 4)
You see here a bullfrog skeleton. x2
You now have 79 gold pieces (gained 11).
I - a scroll of fog
Okay, then.
You start resting.
f - 13 rations (gained 1)
You now have enough gold to buy a lumpy beryl amulet on D:4.
You can access your shopping list by pressing '$'.
You now have 87 gold pieces (gained 8).
You swap places.
You may now remember your ancestor's life.
Marking area around Erica as unsafe for travelling.
Erica the Fiery-Tempered comes into view.
She is wielding a +2 scimitar of You swap places.
Are you sure you want to remember your ancestor as a hexer?
It is so.
Really walk into a travel-excluded area?
Erica shouts!
You hear a shout!
Harold the Weathered comes into view.
He is wielding a +0 halberd.
Press: ? - help, v - describe, . - travel
Here: Harold, wielding a +0 halberd and wearing a +0 scale mail The floor.
You swap places.
Erica casts a spell at you.
The bolt of poison hits Otto.
Otto completely resists.
The bolt of poison hits you!
You are poisoned.
You feel sick.
Erica casts a spell.
Erica flickers and vanishes!
Deactivating autopickup; reactivate with Ctrl-A.
Otto misses something.
You feel sick.
Something hits Otto but does no damage.
Otto hits something with a +0 dagger of draining!
You feel sick.
You feel sick.
You feel sick.
You feel sick.
You feel sick.
You feel sick.
A wyvern comes into view.
You feel sick.
The wyvern hisses angrily.
A leopard gecko comes into view.
You feel sick.
You feel sick.
Okay, then.
Unknown command.
Press: ? - help, v - describe, . - travel
Here: Harold, wielding a +0 halberd and wearing a +0 scale mail The floor.
Okay, then.
Unknown command.
Unknown command.
Unknown command.
As you read the scroll of fog, it crumbles to dust.
The scroll dissolves into smoke.
Harold throws a throwing net.
The throwing net hits Otto.
The net passes right through Otto!
You block the wyvern's attack.
You feel sick. The wyvern completely misses you.
You feel sick.
A phantom comes into view.
You block the wyvern's attack.
You feel sick.
The phantom blinks!
The wyvern bites you but does no damage.
You feel sick.
The phantom blinks!
The wyvern bites you!
* * * LOW HITPOINT WARNING * * *
You feel better.
The phantom blinks!
You block the wyvern's attack.
Okay, then.
Evoke which item? (* to show all) (? for menu, Esc to quit)
Okay, then.
Unknown command.
Quiver which item? (- for none, * to show all) (? for menu, Esc to quit)
Quivering
G - 2 throwing nets {=f} for throwing.
Throwing (i - inventory. (/) - cycle)
G - 2 throwing nets (quivered)
{=f}
Press: ? - help, Shift-Dir - straight line, f - wyvern
Aim: a wyvern Really fire in your ally Otto's direction?
Okay, then.
Throwing (i - inventory. (/) - cycle)
G - 2 throwing nets (quivered)
{=f}
Press: ? - help, Shift-Dir - straight line, f/p - wyvern
Aim: a wyvern You throw a throwing net {=f}.
The throwing net {=f} closely misses the wyvern.
The wyvern bites you!
You die...

#...#......#####.........
..# #..#...............##
.. #.##...####..#.###.#
#......##........####
#..<.###........†....
.####......§............
.................)÷.....
........................
#.......@..............(.
##......l...W.##...÷÷....
#......§.....##.........
.......R.#...#......)...
.......§####............
........§§###§§.........
.......§§§§§..§.##.....>
........§§§§§...###.....
......§§§§§§§§....#.....


You could see the friendly Otto the hexer, a phantom and a wyvern.

Vanquished Creatures
  Eustachio (D:6)
  Edmund (D:6)
  Duvessa (D:4)
  A centaur (D:6)
  3 ogres
  2 bullfrogs
  3 scorpions
  Dowan (D:4)
  2 crimson imps
  A bullfrog skeleton (D:8)
  A hound (D:6)
  An orc priest (D:8)
  3 orc wizards
  2 iguanas
  3 worker ants
  A hound skeleton (D:6)
  2 gnolls (D:3)
  7 adders
  A shadow imp (D:4)
  An ooze (D:1)
  An adder zombie (D:7)
  An adder skeleton (D:4)
  A dart slug (D:1)
  3 leopard geckos
  14 orcs
  A giant cockroach (D:4)
  7 goblins
  3 hobgoblins
  16 jackals
  2 quokkas
  A ball python (D:4)
  A ball python skeleton (D:5)
  7 bats
  7 frilled lizards
  8 kobolds
  12 rats
123 creatures vanquished.

Vanquished Creatures (collateral kills)
  A crocodile (D:8)
  2 bullfrogs
  A howler monkey (D:6)
  2 bullfrog zombies
  An orc wizard (D:8)
  A bullfrog skeleton (D:7)
  Crazy Yiuf (D:6)
  A worker ant (D:5)
  A shadow imp (D:7)
  3 orcs
  A jackal (D:7)
15 creatures vanquished.

Grand Total: 138 creatures vanquished

Notes
Turn   | Place    | Note
-------+----------+-------------------------------------------
     0 | D:1      | Octopork the Octopode Fighter began the quest for the Orb.
     0 | D:1      | Reached XP level 1. HP: 16/16 MP: 1/1
   117 | D:1      | Reached XP level 2. HP: 20/21 MP: 2/2
   377 | D:1      | Reached skill level 3 in Polearms
   377 | D:1      | Reached XP level 3. HP: 18/26 MP: 3/3
  1514 | D:2      | Reached XP level 4. HP: 31/31 MP: 4/4
  2006 | D:3      | Reached skill level 4 in Polearms
  2042 | D:3      | HP: 5/31 [gnoll/+0 spear (8)]
  2530 | D:4      | Found a bloodstained altar of Trog.
  2532 | D:4      | Noticed an ogre
  2701 | D:3      | Octopork: ??halberd
  2701 | D:3      | beem: halberd[1/1]: (polearms; -3 acc / 13 dam / 1.5 base
                  | delay / 0.7 min delay; two handed). A polearm consisting of
                  | an axe blade topped with a spike, mounted on a long shaft.
                  | Halberds chop hydra heads.
  2791 | D:3      | Reached XP level 5. HP: 26/36 MP: 5/5
  2966 | D:3      | Reached skill level 4 in Shields
  3415 | D:4      | Found a white marble altar of Elyvilon.
  3451 | D:4      | Found Semor's Assorted Antiques.
  3475 | D:4      | Bought a glowing trident for 104 gold pieces
  3475 | D:4      | Bought a scroll labeled KYBBIC WOSAITH for 16 gold pieces
  3770 | D:4      | Killed an ogre
  3770 | D:4      | Reached skill level 5 in Polearms
  3770 | D:4      | Reached XP level 6. HP: 42/42 MP: 6/6
  3834 | D:4      | Noticed Dowan
  3840 | D:4      | Killed Dowan
  3851 | D:4      | Noticed Duvessa
  3859 | D:4      | Killed Duvessa
  4078 | D:4      | Noticed Grinder
  4184 | D:4      | Bought a scroll labeled HIUGYR OLIROJA for 16 gold pieces
  4184 | D:4      | Bought a metallic blue potion for 14 gold pieces
  4340 | D:4      | Reached skill level 6 in Polearms
  4349 | D:5      | Entered Level 5 of the Dungeon
  4433 | D:5      | Found a blossoming altar of Fedhas.
  4454 | D:5      | Reached skill level 5 in Shields
  4454 | D:5      | Reached XP level 7. HP: 41/46 MP: 7/7
  4764 | D:5      | Found a staircase to the Ecumenical Temple.
  4786 | Temple   | Entered the Ecumenical Temple
  4965 | Temple   | Became a worshipper of Hepliaklqana the Forgotten
  5481 | D:4      | Bought a forked gold wand for 64 gold pieces
  5512 | D:6      | Found Ahuup's Weapon Emporium.
  6017 | D:6      | Noticed Shaidar's ghost (novice MiBe)
  6018 | D:6      | Noticed Edmund
  6029 | D:6      | Killed Edmund
  6029 | D:6      | Reached XP level 8. HP: 47/47 MP: 8/8
  6046 | D:6      | Found a runed door.
  6050 | D:6      | Reached skill level 7 in Polearms
  6289 | D:6      | Found a blossoming altar of Fedhas.
  6353 | D:6      | Noticed Eustachio
  6357 | D:6      | Killed Eustachio
  6357 | D:6      | Reached skill level 4 in Fighting
  6357 | D:6      | Reached skill level 4 in Dodging
  6570 | D:6      | Found a runed door.
  6784 | D:6      | Noticed Crazy Yiuf
  6792 | D:6      | Killed Crazy Yiuf
  6875 | D:7      | Reached skill level 6 in Shields
  7012 | D:7      | Reached * piety under Hepliaklqana
  7060 | D:7      | Reached skill level 8 in Polearms
  7084 | D:7      | Found Boxu's Assorted Antiques.
  7142 | D:7      | Bought a scroll labeled USOHOCSAZIR for 31 gold pieces
  7142 | D:7      | Bought a scroll labeled ZAYKICWENOFF for 31 gold pieces
  7178 | D:7      | Reached XP level 9. HP: 53/53 MP: 9/9
  7612 | D:7      | Found a deep blue altar of Sif Muna.
  7639 | D:7      | Found a glowing silver altar of Zin.
  8185 | D:7      | Got a distressingly furry buckler
  8263 | D:4      | Bought a scroll of identify for 32 gold pieces
  8263 | D:4      | Bought a scroll of identify for 32 gold pieces
  8263 | D:4      | Identified the -7 buckler of Fortification {*Corrode rElec
                  | Int+2 Dex+3} (You acquired it on level 7 of the Dungeon)
  8264 | D:4      | SCROLL OF DISAPPOINTMENT AMIRITE
  8264 | D:4      | Seriously game.
  8264 | D:4      | Come on.
  8447 | D:8      | Found a sacrificial altar of Ru.
  8480 | D:8      | Reached skill level 5 in Dodging
  8486 | D:8      | Reached skill level 5 in Fighting
  8585 | D:8      | Reached ** piety under Hepliaklqana
  8585 | D:8      | Noticed Erica
  8591 | D:8      | Remembered your ancestor Otto as a hexer
  8597 | D:8      | Noticed Harold
  8620 | D:8      | HP: 3/54 [wyvern (17)]
  8622 | D:8      | Slain by a wyvern

Vault maps used:
D:1:      nicolae_arrival_somewhat_less_tricky_arrival, st_stairs_12
D:3:      first_ration
D:4:      nicolae_overflow_crystal_walls, elyvilon_altar_5, serial_shops,
          nicolae_shop_stone, hangedman_decor_growths, uniq_grinder,
          uniq_duvessa
D:5:      lemuel_round_altar, minmay_temple_entry_offerings
D:6:      serial_shops, shop, hellmonk_ghost_happy_afterlife,
          fedhas_ov_isle_minmay, uniq_crazy_yiuf_cottage, uniq_eustachio,
          uniq_edmund
D:7:      kennysheep_mini, serial_shops, nicolae_shop_behind_doors,
          small_statue_intersection, led_sif_pool
D:8:      nicolae_ru_path_of_blood, uniq_harold, uniq_erica, uniq_pikel
Temple:   dshaligram_water_room_temple

Skill      XL: |  1  2  3  4  5  6  7  8  9 |
---------------+----------------------------+-----
Polearms       | 3 4 5 6 8 |  8.6
Shields        | 4 5 6 |  6.6
Fighting       | 4 5 |  5.1
Dodging        | 4 5 |  5.1

Action                   |  1- 3 |  4- 6 |  7- 9 || total
-------------------------+-------+-------+-------++-------
Melee: Trident           |    82 |    86 |   111 ||   279
       Constrict         |    18 |    23 |    25 ||    66
       Tentacles         |     5 |    10 |    20 ||    35
       Spear             |       |    10 |       ||    10
 Fire: Hunting sling     |       |     8 |     4 ||    12
Throw: Throwing net      |       |       |     1 ||     1
Invok: Recall Ancestor   |       |       |     1 ||     1
       Ancestor Identity |       |       |     1 ||     1
       Ancestor Life: He |       |       |     1 ||     1
  Use: Scroll            |       |    12 |     7 ||    19
       Potion            |       |       |     1 ||     1
 Stab: Sleeping          |     5 |     6 |     8 ||    19
  Eat: Chunk             |     2 |     7 |     6 ||    15
       Ration            |       |     2 |     2 ||     4
Armor: Skin              |     5 |     3 |     1 ||     9
Dodge: Dodged            |    23 |    34 |    26 ||    83
Block: Shield            |    23 |    38 |    30 ||    91

Table legend:
 A = Non-vault XP
 B = Vault XP
 C = Vault XP percentage of total XP
 D = Non-vault monster count
 E = Vault monster count
 F = Vault count percentage of total count
                 A         B        C        D         E       F
            +---------+---------+-------+---------+---------+-------
      Total |    2287 |     601 |  20.8 |     132 |       6 |   4.3
            +---------+---------+-------+---------+---------+-------
        D:1 |      59 |       2 |   3.3 |      34 |       1 |   2.9
        D:2 |      45 |       0 |   0.0 |      13 |       0 |   0.0
        D:3 |      84 |       0 |   0.0 |      20 |       0 |   0.0
        D:4 |     201 |     209 |  51.0 |      11 |       2 |  15.4
        D:5 |     248 |       0 |   0.0 |       8 |       0 |   0.0
        D:6 |     526 |     390 |  42.6 |      10 |       3 |  23.1
        D:7 |     711 |       0 |   0.0 |      24 |       0 |   0.0
        D:8 |     413 |       0 |   0.0 |      12 |       0 |   0.0
            +---------+---------+-------+---------+---------+-------

Table legend:
 A = Turns spent in this place as a percentage of turns spent in the entire game.
 B = Non-inter-level travel turns spent in this place as a percentage of non-inter-level travel turns spent in the entire game.
 C = Inter-level travel turns spent in this place as a percentage of turns spent in this place.
 D = Turns resting spent in this place as a percentage of non-inter-level travel turns spent in this place.
 E = Turns spent auto-exploring this place as a percentage of non-inter-level travel turns spent in this place.
 F = Non-inter-level travel turns spent in this place divided by the number of levels of this place that you've seen.
                   A       B       C       D       E      F
               +-------+-------+-------+-------+-------+----------------------
         Total | 100.0 | 100.0 |   6.1 |  29.7 |  44.2 | 899.7
       Dungeon |  97.7 |  97.6 |   6.2 |  30.4 |  44.1 | 987.9
        Temple |   2.3 |   2.4 |   0.0 |   0.0 |  46.9 | 194.0
               +-------+-------+-------+-------+-------+----------------------

Table legend:
 A = Kills in this place as a percentage of kills in entire the game.
 B = Kills by you in this place as a percentage of kills by you in the entire game.
 C = Kills by friends in this place as a percentage of kills by friends in the entire game.
 D = Other kills in this place as a percentage of other kills in the entire game.
 E = Experience gained in this place as a percentage of experience gained in the entire game.
 F = Experience gained in this place divided by the number of levels of this place that you have seen.
                   A       B       C       D       E      F
               +-------+-------+-------+-------+-------+----------------------
         Total | 100.0 | 100.0 | 100.0 |   N/A | 100.0 | 320.9
       Dungeon | 100.0 | 100.0 | 100.0 |   N/A | 100.0 | 361.0
               +-------+-------+-------+-------+-------+----------------------
